 Dungeon Crawl Stone Soup version 0.30-a0-135-g630cfc4551 (webtiles) character file.

Game seed: 14343774360749147860

3353 IdlyInterested the Carver (level 9, -7/63 (65) HPs)
             Began as a Demonspawn Wanderer on Sept 20, 2022.
             Mangled by a wight
             ... wielding a +0 halberd
              (9 damage)
             ... on level 8 of the Dungeon.
             The game lasted 00:31:05 (8102 turns).

IdlyInterested the Carver (Demonspawn Wanderer)     Turns: 8102, Time: 00:31:06

HP:   -7/63 (65)    AC:  9    Str:  9    XL:     9   Next: 73%
MP:   18/18         EV: 14    Int: 13    God:
Gold: 370           SH:  0    Dex: 23    Spells: 19/20 levels left

rFire   + . .      SeeInvis .    b - +2 great sword
rCold   . . .      Faith    .    (shield currently unavailable)
rNeg    + . .      Spirit   .    G - +3 leather armour {Will+}
rPois   .          Reflect  .    (helmet unavailable)
rElec   .          Harm     .    F - +0 cloak
rCorr   .          Rampage  .    t - +0 pair of gloves
Will    +....                    H - +0 pair of boots
Stlth   ++........               (no amulet)
HPRegen 0.20/turn                k - ring of positive energy
MPRegen 0.32/turn                y - ring of protection from fire

@: lightly drained
A: horns 3, demonic guardian 1, magic regeneration, big brain 1
a: no special abilities


You were on level 8 of the Dungeon.
You visited 2 branches of the dungeon, and saw 9 of its levels.

You collected 370 gold pieces.

Inventory:

Hand Weapons
 a - a +2 long sword
 b - a +2 great sword (weapon)
 c - a +3 falchion
 d - a +3 dagger
 g - a +2 great sword
 h - a +1 dagger of draining
 w - a +0 falchion
Missiles
 e - 2 atropa-tipped darts
 l - a boomerang
 m - 14 poisoned darts (quivered)
Armour
 t - a +0 pair of gloves (worn)
 F - a +0 cloak (worn)
 G - a +3 leather armour of willpower (worn)
 H - a +0 pair of boots (worn)
 I - a +0 buckler
Magical Staves
 v - a staff of conjuration
Jewellery
 k - a ring of positive energy (left hand)
 p - a ring of resist corrosion
 y - a ring of protection from fire (right hand)
 z - the ring of Zygho {rElec rF+ rC+ Str+6 Slay-5}
   (You found it on level 6 of the Dungeon)

   [ring of protection from cold]

   Str:       It affects your strength (+6).
   Slay:      It affects your accuracy & damage with ranged weapons and melee
   (-5).
   rF:        It protects you from fire.
   rC:        It protects you from cold.
   rElec:     It insulates you from electricity.
Wands
 n - a wand of flame (16)
 o - a wand of digging (1)
 J - a wand of iceblast (8)
Scrolls
 f - 2 scrolls of blinking
 r - a scroll of fear
 s - 2 scrolls of teleportation
 x - a scroll of enchant weapon
 A - 4 scrolls of fog
 D - a scroll of silence
Potions
 i - a potion of attraction {unknown}
 j - a potion of flight
 q - a potion of brilliance {unknown}
 u - a potion of might
 B - 2 potions of lignification
 C - a potion of haste
 E - a potion of resistance


   Skills:
 + Level 4.3 Fighting
 * Level 8.1 Long Blades
 + Level 2.7 Throwing
 - Level 1.0 Armour
 - Level 4.0 Dodging
 - Level 2.0 Stealth
 - Level 1.0 Shields
 + Level 6.2 Spellcasting
 - Level 3.0 Conjurations
 * Level 2.1 Hexes
 - Level 2.0 Necromancy
 - Level 2.0 Invocations
 - Level 2.0 Evocations


You had 19 spell levels left.
You knew the following spells:

 Your Spells              Type           Power      Damage    Failure   Level
a - Magic Dart            Conj           44%        1d5       7%          1

Your spell library contained the following spells:

 Spells                   Type           Power      Damage    Failure   Level
 Summon Small Mammal      Summ           16%        N/A       22%         1
 Cigotuvi's Dreadful Rot  Necr/Pois/Air  10%        N/A       26%         2
 Poisonous Vapours        Pois/Air       8%         N/A       34%         2
 Mephitic Cloud           Conj/Pois/Air  6%         N/A       41%         3
 Summon Guardian Golem    Hex/Summ       6%         N/A       41%         3
 Call Canine Familiar     Summ           4%         N/A       56%         3
 Anguish                  Hex/Necr       4%         N/A       67%         4
 Hailstorm                Conj/Ice       7%         3d4       77%         4
 Fireball                 Conj/Fire      3%         3d4       98%         5
 Enfeeble                 Hex            4%         N/A       100%        7
 Spellforged Servitor     Conj/Summ      3%         N/A       100%        7


Dungeon Overview and Level Annotations

Branches:
Dungeon (8/15)             Temple (1/1) D:5
   Lair: D:8-11

Altars:
Ashenzari
Cheibriados
Dithmenos
Fedhas
Gozag
Hepliaklqana
Kikubaaqudgha
Makhleb
Nemelex Xobeh
Okawaru
Qazlal
Ru
Trog
Vehumet
Wu Jian
Xom
Yredelemnul

Shops:
D:4 =


Innate Abilities, Weirdness & Mutations

You have a pair of large horns on your head.
A weak demonic guardian rushes to your aid.
You regenerate magic rapidly.
You have an unusually large brain. (Int +2)


Message History

Your ufetubus dies!
Your ufetubus disappears in a puff of smoke!
The gnoll hits you from afar with a +0 spear.
The gnoll hits you but does no damage. x2
You slash the gnoll! You headbutt the gnoll.
You kill the gnoll!
The gnoll misses you. The gnoll barely misses you.
The gnoll closely misses you. The gnoll misses you.
You hit the gnoll. Your headbutt misses the gnoll.
The gnoll is lightly wounded.
The gnoll is no longer moving quickly. x2; The gnoll barely misses you.
The gnoll misses you. The gnoll barely misses you.
The gnoll hits you but does no damage.
You barely miss the gnoll.
The gnoll is lightly wounded.
The gnoll hits you with a +0 whip.
The gnoll hits you from afar with a +0 spear. x2
The gnoll completely misses you.
You slice the gnoll!!
You kill the gnoll!
The gnoll closely misses you. The gnoll misses you. x2
You slash the wight!
You headbutt the wight, but do no damage.
The wight is heavily damaged.
The gnoll barely misses you. The wight closely misses you.
The wight hits you from afar with a +0 halberd!
* * * LOW HITPOINT WARNING * * *
You partially resist.
You feel drained.
* * * LOW HITPOINT WARNING * * *
A wight comes into view. It is wielding a +2 short sword.
The gnoll hits you from afar with a +0 spear.
* * * LOW HITPOINT WARNING * * *
A demonic guardian appears!
The gnoll misses you.
You slash the wight!
You destroy the wight!
The wight hits you from afar with a +0 halberd!
* * * LOW HITPOINT WARNING * * *
The gnoll barely misses you. The gnoll misses you.
The wight hits you from afar with a +0 halberd!
You die...

#.... ..
#####..# ...
#......##....
#<)....#..#..
#............
#...)z.#..#..
#...zgg.zz...
#####)###.z.
#@#####.#
#5......#
#########


You could see 2 wights, 2 gnolls and a friendly quasit (summoned).

Vanquished Creatures
  Pikel (D:7)
  Grinder (D:3)
  A steam dragon (D:6)
  An acid dragon (D:8)
  2 water moccasins
  A sky beast (D:6)
  An ice beast (D:6)
  A centaur (D:8)
  3 phantoms
  A kobold brigand (D:4)
  A gnoll sergeant (D:7)
  3 bullfrogs
  2 scorpions (D:5)
  10 wights
  4 howler monkeys
  Crazy Yiuf (D:5)
  2 gnoll boudas
  3 orc priests
  Terence (D:3)
  5 iguanas
  An orc wizard (D:3)
  11 gnolls
  9 adders
  A white imp (D:7)
  3 worms
  2 dart slugs
  13 orcs
  7 ball pythons
  8 endoplasms
  3 giant cockroaches
  11 goblins
  4 hobgoblins
  6 jackals
  4 quokkas
  A bat (D:2)
  6 frilled lizards
  6 kobolds
  9 rats
150 creatures vanquished.

Vanquished Creatures (collateral kills)
  A scorpion (D:6)
  3 gnolls
4 creatures vanquished.

Grand Total: 154 creatures vanquished

Notes
Turn   | Place    | Note
-------+----------+-------------------------------------------
     0 | D:1      | IdlyInterested the Demonspawn Wanderer began the quest for
                  | the Orb.
     0 | D:1      | IdlyInterested set off with the following items: a +1 long
                  | sword, a potion of curing, a +0 robe; and the following
                  | spell memorised: Magic Dart; and the following spells
                  | available to memorise: Mephitic Cloud.
     0 | D:1      | Reached XP level 1. HP: 16/16 MP: 2/2
   210 | D:1      | Reached skill level 3 in Long Blades
   256 | D:1      | Gained mutation: You regenerate magic rapidly. [demonic
                  | ancestry]
   256 | D:1      | Reached XP level 2. HP: 22/22 MP: 3/3
  1059 | D:2      | Gained mutation: You have a pair of small horns on your
                  | head. [demonic ancestry]
  1059 | D:2      | Reached XP level 3. HP: 22/28 MP: 4/4
  1474 | D:2      | Gained mutation: You have an unusually large brain. (Int
                  | +2) [demonic ancestry]
  1474 | D:2      | Reached XP level 4. HP: 23/34 MP: 6/6
  1974 | D:3      | Found a radiant altar of Vehumet.
  2118 | D:3      | Reached skill level 1 in Throwing
  2125 | D:3      | Reached XP level 5. HP: 19/40 MP: 8/8
  2305 | D:3      | Noticed Terence
  2317 | D:3      | Killed Terence
  2318 | D:3      | Reached skill level 1 in Hexes
  2456 | D:3      | Reached skill level 4 in Long Blades
  2659 | D:3      | Reached skill level 1 in Necromancy
  2679 | D:3      | Noticed Grinder
  2703 | D:3      | Paralysed by Grinder for 5 turns
  2712 | D:3      | Killed Grinder
  2713 | D:3      | Reached skill level 1 in Evocations
  2713 | D:3      | Gained mutation: You have a pair of horns on your head.
                  | [demonic ancestry]
  2713 | D:3      | Reached XP level 6. HP: 14/47 MP: 8/10
  3754 | D:4      | Reached skill level 5 in Long Blades
  3754 | D:4      | Reached XP level 7. HP: 29/52 MP: 11/11
  3762 | D:4      | Reached skill level 1 in Stealth
  3973 | D:4      | Found Wiyd's Jewellery Shop.
  4495 | D:5      | Entered Level 5 of the Dungeon
  4833 | D:5      | Reached skill level 1 in Armour
  4972 | D:5      | Reached skill level 1 in Shields
  4972 | D:5      | Gained mutation: A weak demonic guardian rushes to your
                  | aid. [demonic ancestry]
  4972 | D:5      | Reached XP level 8. HP: 55/58 MP: 14/14
  5114 | D:5      | Found a runed translucent door.
  5115 | D:5      | Noticed Crazy Yiuf
  5209 | D:5      | Found a sacrificial altar of Ru.
  5348 | D:5      | Found a staircase to the Ecumenical Temple.
  5357 | Temple   | Entered the Ecumenical Temple
  5740 | D:5      | Killed Crazy Yiuf
  5741 | D:5      | Reached skill level 6 in Long Blades
  5946 | D:6      | HP: 1/58 [ice beast (14)]
  6236 | D:6      | Reached skill level 5 in Spellcasting
  6447 | D:6      | Identified the ring of Zygho {rElec rF+ rC+ Str+6 Slay-5}
  6767 | D:6      | Found an opulent altar of Gozag.
  6767 | D:6      | Found a hazy altar of Hepliaklqana.
  6894 | D:7      | Reached skill level 7 in Long Blades
  6906 | D:7      | Gained mutation: You have a pair of large horns on your
                  | head. [demonic ancestry]
  6906 | D:7      | Reached XP level 9. HP: 47/64 MP: 16/16
  7097 | D:7      | Got Ohuudosm's Writings on the Injurious Coals
  7392 | D:7      | Noticed Pikel
  7403 | D:7      | Killed Pikel
  7409 | D:7      | Found an ornate altar of the Wu Jian Council.
  7424 | D:7      | Found a stormy altar of Qazlal.
  8082 | D:8      | Reached skill level 8 in Long Blades
  8102 | D:8      | HP: 2/63 [wight/+0 halberd (9)]
  8102 | D:8      | Mangled by a wight

Illustrated notes

Levels and vault maps discovered:
D:1:      dpeg_arrival_connections, layout_basic
D:2:      layout_rooms, minmay_misc_feat_more_columns,
          nicolae_elevator_lobby_plus
D:3:      minmay_angry_zag, layout_loops_cross, vehumet_crystals,
          mainiacjoe_overflow_alcove_2, bh_walls_and_bars, uniq_grinder,
          uniq_terence
D:4:      layout_layer_cave, serial_shops, nicolae_stop_n_shop_1
D:5:      layout_basic, kennysheep_little_box, minmay_temple_entry_butterflies,
          uniq_crazy_yiuf_cottage
D:6:      layout_cave_pools, nicolae_overflow_two_pavilions
D:7:      layout_basic, grunt_temple_overflow_open, uniq_pikel
D:8:      cheibrodos_iron_armory, layout_loops_cross,
          mainiacjoe_overflow_six_doors_small, uniq_maggie
Temple:   nicolae_temple_godzebo

Skill      XL: |  1  2  3  4  5  6  7  8  9 |
---------------+----------------------------+-----
Long Blades    | 3 4 5 7 8 |  8.1
Invocations    | 2 |  2.0
Throwing       | 1 2 |  2.7
Spellcasting   | 2 3 4 5 6 |  6.2
Hexes          | 1 2 |  2.1
Fighting       | 3 4 |  4.3
Necromancy     | 1 2 |  2.0
Evocations     | 1 2 |  2.0
Dodging        | 2 3 4 |  4.0
Stealth        | 1 2 |  2.0
Armour         | 1 |  1.0
Shields        | 1 |  1.0
Conjurations   | 3 |  3.0

Action                   |  1- 3 |  4- 6 |  7- 9 || total
-------------------------+-------+-------+-------++-------
Melee: Long sword        |    89 |    89 |   166 ||   344
       Headbutt          |     4 |    16 |    49 ||    69
       Punch             |       |     2 |       ||     2
       Great sword       |       |       |    44 ||    44
Throw: Dart              |       |       |    14 ||    14
 Cast: Magic Dart        |     4 |     6 |       ||    10
Evoke: Wand              |       |       |     6 ||     6
  Use: Scroll            |     5 |     4 |    10 ||    19
       Potion            |     1 |     1 |    13 ||    15
 Stab: Sleeping          |     4 |     1 |     7 ||    12
       Distracted        |       |       |     1 ||     1
Armor: Robe              |     7 |       |       ||     7
       Leather armour    |    18 |    18 |    58 ||    94
Dodge: Dodged            |    48 |    37 |   196 ||   281

Table legend: (Time is in decaauts)
 A = Elapsed time spent in this place.
 B = Non-inter-level travel time spent in this place.
 C = Inter-level travel time spent in this place.
 D = Time resting spent in this place.
 E = Time spent auto-exploring this place.
 F = Levels seen in this place.
 G = Mean time per level.
                   A        B        C        D        E       F      G
               +--------+--------+--------+--------+--------+-----+--------+
         Total |   8167 |   6971 |   1196 |   1892 |   3228 |   9 |  907.4 |
       Dungeon |   8036 |   6867 |   1169 |   1892 |   3143 |   8 | 1004.5 |
        Temple |    130 |    103 |     27 |      0 |     85 |   1 |  130.0 |
               +--------+--------+--------+--------+--------+-----+--------+

Top non-repeatable levels by time:
     D:3: 1677 daAuts
     D:1: 1382 daAuts
     D:5: 1184 daAuts
     D:4: 1135 daAuts
     D:6: 1003 daAuts
     D:7: 886 daAuts
     D:2: 732 daAuts
  Temple: 130 daAuts
     D:8: 33 daAuts
